AoeStats
← [TopGun]johnnynagel

Fortress

508500316Analyzed
3v3 RM · 9d ago on Sep 22, 2026· 51m 50s· 6 players
Game mode
Random Map
Map size
Large (8 player)
Population
200
Speed
Normal
Resources
Standard
Victory
Conquest
Starting age
Dark Age
Ending age
Imperial Age
RankedLock teamsTeams togetherTeam positionsShared explorationLock speedFull tech treeHidden civsTurbo modeCheats
Victory
Defeat
🇳🇴 Britons · Norway
1229
+14
🇳🇴 Saxons · Norway
1221
+15
🇳🇴 Varangians · Norway
1203
+16
🇩🇪 Celts · Germany
1221
-16
🇩🇪 Slavs · Germany
1191
-15
🇩🇪 Mongols · Germany
1174
-14
[TopGun]johnnynagel
8:27 Feudal Age
10:13 Double-Bit Axe
12:49 Castle Age
11:12 Loom
11:12 Town Watch
15:33 Loom
15:36 Town Watch
20:27 Imperial Age
21:33 Conscription
21:20 Fletching
21:31 Padded Archer Armor
22:12 Town Patrol
23:31 Bodkin Arrow
26:53 Ballistics
28:01 Caravan
29:44 Bracer
30:00 Leather Archer Armor
30:24 Bow Saw
32:04 Murder Holes
33:10 Chemistry
33:21 Nomads
33:44 Horse Collar
34:38 Parthian Tactics
34:21 Thumb Ring
36:50 Wheelbarrow
39:31 Elite Mangudai
42:19 Onager
43:38 Siege Onager
[TopGun]Maverick
7:51 Feudal Age
7:15 Loom
8:41 Double-Bit Axe
8:52 Horse Collar
11:35 Castle Age
12:45 Bow Saw
13:08 Heavy Plow
16:32 Wheelbarrow
18:40 Scale Barding Armor
20:03 Hand Cart
19:36 Town Watch
19:43 Town Watch
20:47 Chain Barding Armor
21:15 Stone Mining
21:16 Gold Mining
22:47 Forging
24:45 Gold Shaft Mining
26:59 Imperial Age
26:07 Bloodlines
25:58 Husbandry
25:49 Light Cavalry
27:49 Cavalier
29:13 Plate Barding Armor
30:11 Iron Casting
29:38 Pikeman
30:52 Hussar
32:59 Blast Furnace
34:50 Conscription
34:45 Caravan
36:19 Hoardings
39:59 Two-Man Saw
39:30 Crop Rotation
41:42 Coinage
46:01 Elite Boyar
50:45 Banking
[TopGun]Sundown
8:36 Feudal Age
9:13 Double-Bit Axe
12:06 Castle Age
10:04 Horse Collar
11:01 Wheelbarrow
11:06 Town Watch
13:59 Bow Saw
15:06 Heavy Plow
17:18 Loom
17:52 Gold Mining
20:02 Hand Cart
21:34 Stone Mining
25:44 Imperial Age
23:34 Scale Mail Armor
24:49 Chain Mail Armor
24:44 Forging
23:56 Pikeman
24:49 Stronghold
27:03 Iron Casting
27:25 Conscription
26:35 Halberdier
27:46 Plate Mail Armor
27:14 Onager
28:15 Sappers
28:50 Capped Ram
30:09 Siege Ram
33:11 Scale Barding Armor
34:07 Blast Furnace
35:10 Caravan
35:40 Coinage
34:54 Siege Onager
35:56 Furor Celtica
37:11 Chemistry
36:04 Heated Shot
38:44 Siege Engineers
38:51 Masonry
38:39 Heavy Scorpion
41:39 Chain Barding Armor
41:10 Fletching
41:20 Padded Archer Armor
48:56 Elite Woad Raider
50:50 Gambesons
51:02 Bodkin Arrow
51:22 Leather Archer Armor
murre69
7:27 Feudal Age
12:06 Castle Age
10:51 Horse Collar
10:58 Double-Bit Axe
11:17 Loom
15:51 Gambesons
16:07 Squires
16:26 Bow Saw
22:39 Town Watch
26:15 Wheelbarrow
28:54 Imperial Age
27:59 Hand Cart
28:00 Gold Mining
28:00 Stone Mining
28:38 Heavy Plow
29:24 Scale Mail Armor
29:34 Forging
29:12 Arson
30:51 Chain Mail Armor
32:08 Gold Shaft Mining
32:12 Iron Casting
31:30 Fletching
31:56 Padded Archer Armor
31:46 Elite Hearth Troop
32:26 Bodkin Arrow
33:02 Plate Mail Armor
33:35 Town Patrol
33:09 Shield Wall
35:26 Conscription
35:12 Bracer
35:28 Leather Archer Armor
36:01 Elite Varangian Guard
38:22 Ballistics
39:02 Chemistry
52:32 Ring Archer Armor
Dr_Kaufman
7:48 Feudal Age
8:29 Horse Collar
9:39 Loom
12:47 Castle Age
10:58 Double-Bit Axe
14:49 Bow Saw
18:24 Wheelbarrow
25:40 Imperial Age
24:00 Scale Barding Armor
24:23 Forging
24:30 Heavy Plow
25:24 Chain Barding Armor
25:42 Ballistics
26:04 Hand Cart
26:34 Town Watch
28:10 Plate Barding Armor
28:32 Elite Jarl
29:15 Gold Mining
28:58 Elite Skirmisher
30:35 Conscription
31:11 Iron Casting
31:49 Husbandry
32:00 Bloodlines
34:24 Town Patrol
37:23 Blast Furnace
39:20 Fletching
40:47 Bodkin Arrow
40:49 Vendel Legacy
41:33 Caravan
42:49 Cavalier
42:50 Light Cavalry
49:02 Hussar
52:32 Two-Man Saw
Dorskepels
7:41 Feudal Age
11:38 Castle Age
9:49 Double-Bit Axe
10:01 Horse Collar
10:56 Gold Mining
13:15 Bow Saw
13:08 Loom
13:47 Heavy Plow
19:43 Wheelbarrow
19:05 Crossbowman
21:31 Hand Cart
21:34 Fletching
21:45 Padded Archer Armor
24:32 Gold Shaft Mining
24:57 Ballistics
27:58 Imperial Age
28:04 Imperial Age
25:59 Bodkin Arrow
26:19 Leather Archer Armor
26:54 Yeomen
26:59 Stone Mining
27:38 Pikeman
28:19 Squires
28:39 Scale Mail Armor
28:50 Forging
28:48 Bracer
28:11 Arbalester
30:52 Chemistry
30:29 Halberdier
31:51 Ring Archer Armor
32:54 Scale Mail Armor
33:05 Forging
34:28 Chain Mail Armor
34:56 Conscription
35:39 Iron Casting
40:11 Two-Man Saw
42:35 Plate Mail Armor
43:06 Blast Furnace
48:33 Man-at-Arms
51:17 Town Watch
Connection lost

Rejoining the realm…

Still unreachable

The connection could not be restored.

Session expired

The server has moved on; the page needs a fresh start.